 Dungeon Crawl Stone Soup version 0.17-a0-1310-gaf4f4d6 (webtiles) character file.

201 MonkeyBuisness the Covered (level 5, -9/33 HPs)
             Began as a Gargoyle Fighter on June 8, 2015.
             Mangled by an ogre
             ... wielding a +0 giant spiked club
              (26 damage)
             ... on level 4 of the Dungeon.
             The game lasted 00:06:30 (3036 turns).

MonkeyBuisness the Covered (Gargoyle Fighter)       Turns: 3036, Time: 00:06:30

Health: -9/33      AC: 11    Str: 21    XL:     5   Next: 79%
Magic:  5/5        EV:  8    Int:  8    God:
Gold:   109        SH:  9    Dex:  9    Spells: 0 memorised, 4 levels left

rFire  . . .     SeeInvis .     a - +0 long sword
rCold  . . .     Clarity  .     b - +0 scale mail
rNeg   + . .     SustAt   .     c - +0 shield
rPois  ∞         Gourm    .     (no helmet)
rElec  +         Spirit   .     (no cloak)
rCorr  .         Warding  .     (no gloves)
rMut   .         Stasis   .     (no boots)
MR     .....                    (no amulet)
Stlth  ..........               (no ring)
                                (no ring)

@: not resistant to hostile enchantments, extremely unstealthy
A: negative energy resistance 1, electricity resistance, unbreathing,
petrification resistance, rot immunity, AC +4
a: no special abilities


You were on level 4 of the Dungeon.
You were not hungry.

You visited 1 branch of the dungeon, and saw 4 of its levels.

You collected 109 gold pieces.

Inventory:

Hand weapons
 a - a +0 long sword (weapon)
Armour
 b - a +0 scale mail (worn)
 c - a +0 shield (worn)
Scrolls
 d - a scroll of enchant weapon {unknown}
 g - 2 scrolls of amnesia
 h - 4 scrolls of identify
 i - 2 scrolls of remove curse
 k - a scroll of enchant armour {unknown}
 m - a scroll of magic mapping {unknown}
 p - a scroll of fear {unknown}
Potions
 j - 2 potions of curing {unknown}
 l - a potion of brilliance {unknown}
 n - a potion of flight {unknown}
 o - a potion of haste {unknown}
 q - a potion of ambrosia {unknown}
Comestibles
 e - 2 bread rations {@e1}
 f - a meat ration {@e2}
 r - a beef jerky


   Skills:
 + Level 4.1 Fighting
 + Level 2.7 Long Blades
 + Level 4.3 Armour
 + Level 1.9 Dodging
 + Level 4.0 Shields


You had 4 spell levels left.
You didn't know any spells.

Dungeon Overview and Level Annotations

Branches:
Dungeon (4/15)
 Temple: D:4-7

Altars:
Qazlal
Ru

Shops:
D:4 *


Innate Abilities, Weirdness & Mutations

You are resistant to torment.
Your stone body is resilient (AC +4).
You are immune to poison.
You resist negative energy.
You are resistant to electric shocks.
You can survive without breathing.
You are immune to petrification.
You are immune to rotting.


Message History

You hit the orc. The orc hits you but does no damage.
Your shield and scale mail prevent you from hitting the orc.
The orc hits you but does no damage. The orc hits you with a whip.
* * * LOW HITPOINT WARNING * * *
You take 1 damage, and have 7/33 hp.
You hit the orc.
You kill the orc!
Items here: ( )))) [[ †
Items here: ( )))) [[ †
Okay, then.
You start resting.
Health restored: 33 A giant newt comes into view.
You block the giant newt's attack.
You hit the giant newt.
You kill the giant newt!
No target in view!
No target in view!
You see here a dagger.
r - a beef jerky
Found a stone staircase leading up.
j - 2 pink potions (gained 1)
You see here 10 arrows.
An ooze comes into view.
The ooze quivers.
You hit the ooze. You block the ooze's attack.
The ooze hits you but does no damage.
You hit the ooze. You block the ooze's attack.
You hit the ooze. You block the ooze's attack.
The ooze hits you but does no damage.
You slash the ooze!
You kill the ooze!
No target in view!
No target in view!
An orc comes into view. It is wielding a war axe.
The orc shouts!
An orc comes into view. It is wielding a hand axe.
An orc is nearby!
An orc comes into view. It is wielding a whip.
You hit the orc. The orc barely misses you.
An ogre comes into view. It is wielding a giant spiked club.
You closely miss the orc.
The ogre shouts!
The orc completely misses you. The orc hits you but does no damage.
You hit the orc. The orc hits you but does no damage.
The orc hits you but does no damage.
You hit the orc.
You kill the orc!
The orc barely misses you. You block the orc's attack.
You hit the ogre. You block the orc's attack. You block the ogre's attack.
The orc hits you but does no damage. x2
Your shield prevents you from hitting the ogre.
You block the orc's attack.
The ogre hits you with a giant spiked club!
The orc hits you but does no damage.
You take 12 damage, and have 21/33 hp.
MASSIVE DAMAGE!!
The orc hits you but does no damage. The orc closely misses you.
A rat comes into view.
You see here a throwing net {=f, !d}.
There are monsters nearby!
There are monsters nearby!
The orc barely misses you.
You hit the orc. The orc barely misses you.
You closely miss the orc. The orc hits you but does no damage.
The orc barely misses you.
You barely miss the orc. The orc closely misses you.
You closely miss the orc. You block the orc's attack.
You closely miss the orc. You block the orc's attack.
You slash the orc!
You kill the orc!
Your shield and scale mail prevent you from hitting the rat.
The rat bites you but does no damage. The rat barely misses you.
You closely miss the rat. The rat bites you but does no damage.
You closely miss the rat. The rat bites you.
You take 1 damage, and have 25/33 hp.
You barely miss the rat. The rat bites you.
The rat bites you but does no damage.
You take 1 damage, and have 24/33 hp.
You slash the rat!
You kill the rat!
You hit the ogre but do no damage. You block the ogre's attack.
You barely miss the ogre. The ogre closely misses you.
Your shield prevents you from hitting the ogre.
You block the ogre's attack.
You hit the ogre. The ogre barely misses you.
You hit the ogre. You block the ogre's attack.
Your scale mail prevents you from hitting the ogre.
The ogre hits you but does no damage.
You hit the ogre. The ogre closely misses you.
You barely miss the ogre. The ogre barely misses you.
Your shield and scale mail prevent you from hitting the ogre.
The ogre hits you with a giant spiked club!
You take 8 damage, and have 17/33 hp.
MASSIVE DAMAGE!!
You barely miss the ogre.
The ogre hits you with a giant spiked club!!
Ouch! That really hurt!
You die...

....# #.##.#
##.### .####
#.##.# #.# ...#
#.##.# #.# .#.###
#.##.# #)## .#(..#
####.##.# #..#
####.# #....##.#
##.## .#...#
#.#####.#####..###
.#.### #.#
#........##. ...#
#@# ########....#.
#.## #O#
#).......#..#. #.#
#(# #.######......
#.# #########.#
#.# #####.. #.#
#..O.r....# #.#
#.. #.#
#.######### #.#
##. #.######.# #.#
#. ..O.r....# #.#
#. #.########
#)######## #.


You could see an ogre.

Vanquished Creatures
  An orc priest (D:4)
  An orc wizard (D:4)
  A gnoll (D:2)
  6 adders
  An ooze (D:4)
  2 worms (D:2)
  A giant gecko (D:1)
  5 orcs (D:4)
  8 bats
  2 giant cockroaches
  6 goblins
  11 hobgoblins
  4 jackals
  A giant newt (D:4)
  10 kobolds
  7 rats
67 creatures vanquished.

Notes
Turn   | Place    | Note
--------------------------------------------------------------
     0 | D:1      | MonkeyBuisness the Gargoyle Fighter began the quest for the Orb.
     0 | D:1      | Reached XP level 1. HP: 14/14 MP: 1/1
   282 | D:1      | Reached XP level 2. HP: 16/19 MP: 2/2
   398 | D:1      | Reached skill level 1 in Dodging
   482 | D:1      | Reached skill level 2 in Long Blades
  1191 | D:2      | Reached XP level 3. HP: 16/23 MP: 3/3
  1284 | D:2      | Found a sacrificial altar of Ru.
  1751 | D:2      | Reached XP level 4. HP: 29/29 MP: 4/4
  2004 | D:3      | Reached skill level 4 in Armour
  2026 | D:3      | Reached skill level 4 in Fighting
  2026 | D:3      | Reached XP level 5. HP: 33/33 MP: 5/5
  2223 | D:3      | Found a stormy altar of Qazlal.
  2574 | D:4      | Found Soelodghu's Assorted Antiques.
  2621 | D:4      | HP: 7/33 [orc wizard/puff of flame (3)]
  2622 | D:4      | Reached skill level 4 in Shields
  2631 | D:4      | HP: 7/33 [orc/whip (1)]
  2970 | D:4      | Noticed an ogre
  3036 | D:4      | Mangled by an ogre

Vault maps used:
D:1:      minmay_arrival_floating_metal
D:2:      hex_medium, hangedman_ru_absence
D:3:      grunt_qazlal_sundering, kennysheep_generic_room_11
D:4:      yredelemnul_forgotten_temple_becter, kennysheep_mini_moat,
          serial_shops, shop_statue

Action                   |  1- 3 |  4- 6 || total
-------------------------+-------+-------++-------
Melee: Long sword        |   127 |   216 ||   343
  Use: Potion            |     1 |       ||     1
       Scroll            |       |     2 ||     2
  Eat: Meat ration       |     2 |       ||     2

Vault maps used:
D:1:      minmay_arrival_floating_metal
D:2:      hex_medium, hangedman_ru_absence
D:3:      grunt_qazlal_sundering, kennysheep_generic_room_11
D:4:      yredelemnul_forgotten_temple_becter, kennysheep_mini_moat,
          serial_shops, shop_statue

Table legend:
 A = Turns spent in this place as a percentage of turns spent in the entire game.
 B = Non-inter-level travel turns spent in this place as a percentage of non-inter-level travel turns spent in the entire game.
 C = Inter-level travel turns spent in this place as a percentage of turns spent in this place.
 D = Turns resting spent in this place as a percentage of non-inter-level travel turns spent in this place.
 E = Turns spent auto-exploring this place as a percentage of non-inter-level travel turns spent in this place.
 F = Non-inter-level travel turns spent in this place divided by the number of levels of this place that you've seen.
                   A       B       C       D       E      F
               +-------+-------+-------+-------+-------+----------------------
         Total | 100.0 | 100.0 |   0.3 |   1.5 |  11.6 | 216.0
       Dungeon | 100.0 | 100.0 |   0.3 |   1.5 |  11.6 | 216.0
               +-------+-------+-------+-------+-------+----------------------

Table legend:
 A = Kills in this place as a percentage of kills in entire the game.
 B = Kills by you in this place as a percentage of kills by you in the entire game.
 C = Kills by friends in this place as a percentage of kills by friends in the entire game.
 D = Other kills in this place as a percentage of other kills in the entire game.
 E = Experience gained in this place as a percentage of experience gained in the entire game.
 F = Experience gained in this place divided by the number of levels of this place that you have seen.
                   A       B       C       D       E      F
               +-------+-------+-------+-------+-------+----------------------
         Total | 100.0 | 100.0 |  -nan |  -nan | 100.0 |  72.0
       Dungeon | 100.0 | 100.0 |  -nan |  -nan | 100.0 |  72.0
               +-------+-------+-------+-------+-------+----------------------
